 Dungeon Crawl Stone Soup version 0.25-a0-310-g60f0ac2d9a (webtiles) character file.

Game seed: 15807156500643864193, levelgen mode: classic

801 Borgoz the Covered (level 7, 0/66 HPs)
             Began as a Gargoyle Berserker on Dec 24, 2019.
             Was a Believer of Trog.
             Slain by a centaur (2 damage)
             ... on level 5 of the Dungeon.
             The game lasted 00:03:51 (5124 turns).

Borgoz the Covered (Gargoyle Berserker)             Turns: 5124, Time: 00:03:51

Health: 0/66       AC:  8    Str: 25    XL:     7   Next: 90%
Magic:  7/7        EV: 13    Int:  8    God:    Trog [**....]
Gold:   163        SH:  0    Dex: 11    Spells: 6/6 levels left

rFire    . . .     SeeInvis .   a - +0 mace
rCold    . . .     Gourm    .   (no shield)
rNeg     + . .     Faith    .   b - +1 animal skin
rPois    ∞         Spirit   .   (no helmet)
rElec    +         Reflect  .   (no cloak)
rCorr    .         Harm     .   (no gloves)
MR       .....                  (no boots)
Stlth    ..........             (no amulet)
HPRegen  0.21/turn              (no ring)
MPRegen  0.10/turn              (no ring)

@: berserking, starving, very quick
A: negative energy resistance 1, electricity resistance, unbreathing,
petrification resistance, rot immunity, AC +4
a: Berserk, Trog's Hand, Renounce Religion


You were on level 5 of the Dungeon.
You worshipped Trog.
Trog was pleased with you.
You were starving.

You visited 1 branch of the dungeon, and saw 5 of its levels.

You collected 163 gold pieces.

Inventory:

Hand Weapons
 a - a +0 mace (weapon)
Armour
 b - a +1 animal skin (worn)
 q - a +0 ring mail
Jewellery
 f - an uncursed amulet of the acrobat {unknown}
 p - a cursed amulet of inaccuracy {unknown}
 r - an uncursed amulet of faith {unknown}
Wands
 e - a wand of random effects (17)
 l - a wand of disintegration (7)
 o - a wand of flame (21)
Scrolls
 g - 3 scrolls of remove curse {unknown}
 h - 5 scrolls of identify {unknown}
 j - 5 scrolls of teleportation {unknown}
 k - a scroll of enchant weapon {unknown}
 u - a scroll of magic mapping {unknown}
Potions
 d - 2 potions of degeneration {unknown}
 i - a potion of flight {unknown}
 m - a potion of brilliance {unknown}
 n - a potion of curing {unknown}
 s - a potion of heal wounds {unknown}
 t - a potion of mutation {unknown}
Comestibles
 c - 6 rations


   Skills:
 + Level 4.5 Fighting
 + Level 5.4 Maces & Flails
 + Level 5.5 Armour
 + Level 4.1 Dodging


You had 6 spell levels left.
You didn't know any spells.
Your spell library was empty.

Dungeon Overview and Level Annotations

Branches:
Dungeon (5/15)
 Temple: D:4-7

Altars:
Gozag
Makhleb
Wu Jian
Zin


Innate Abilities, Weirdness & Mutations

You are resistant to torment.
Your stone body is resilient. (AC +4)
You are immune to poison.
You resist negative energy. (rN+)
You are resistant to electric shocks. (rElec)
You can survive without breathing.
You are immune to petrification.
You are immune to rotting.


Message History

You hit the centaur.
The centaur is moderately wounded.
The centaur hits you!
* * * LOW HITPOINT WARNING * * *
You hit the centaur.
The centaur is moderately wounded.
The centaur hits you but does no damage.
The centaur closely misses you.
You sock the centaur!
The centaur is severely wounded.
The centaur closely misses you. The centaur hits you!
* * * LOW HITPOINT WARNING * * *
A red film seems to cover your vision as you go berserk!
You feel yourself moving faster!
You feel mighty!
You are starving!
The centaur barely misses you.
You barely miss the centaur.
The centaur is severely wounded.
The centaur hits you.
You die...

.......######'##...#
.......#.........# #
##...#.#.....÷...#
##...#.#........(#
.....#.#.......(.# #
...###.######+##(#
.### ...# #.#
##(##....# ...# #.#
#.....##+# #### #.#
##@.......
######+### +c..%....
.#.......# #........
.#......[# #..$.....
.#.......# #........
.........# #........
#........# #........
#.####+### #........
...# #.#


You could see a centaur.

Vanquished Creatures
  Sigmund (D:3)
  Menkaure (D:5)
  An ice beast (D:5)
  A phantom (D:4)
  A centaur (D:4)
  A crimson imp (D:5)
  A hound (D:4)
  An orc priest (D:3)
  A bullfrog skeleton (D:4)
  Jessica (D:2)
  An iguana (D:5)
  Robin (D:4)
  2 adders
  An ooze (D:3)
  A dart slug (D:4)
  2 leopard geckos
  7 orcs
  4 giant cockroaches
  13 goblins
  8 hobgoblins
  A quokka (D:3)
  3 ball pythons
  6 bats
  2 frilled lizards
  9 kobolds
  A quokka skeleton (D:4)
  7 rats
79 creatures vanquished.

Notes
Turn   | Place    | Note
-------+----------+-------------------------------------------
     0 | D:1      | Borgoz the Gargoyle Berserker began the quest for the Orb.
     0 | D:1      | Reached XP level 1. HP: 14/14 MP: 1/1
   400 | D:1      | Reached XP level 2. HP: 19/19 MP: 2/2
  1446 | D:2      | Noticed Jessica
  1453 | D:2      | Reached XP level 3. HP: 23/23 MP: 3/3
  1458 | D:2      | Found an opulent altar of Gozag.
  1466 | D:2      | Killed Jessica
  1479 | D:2      | Reached XP level 4. HP: 17/28 MP: 4/4
  1549 | D:2      | Reached ** piety under Trog
  2768 | D:3      | Noticed Sigmund
  2770 | D:3      | Found a glowing silver altar of Zin.
  2782 | D:3      | Killed Sigmund
  2782 | D:3      | Reached XP level 5. HP: 27/32 MP: 5/5
  2782 | D:3      | Reached XP level 6. HP: 31/37 MP: 6/6
  3414 | D:4      | Found an ornate altar of the Wu Jian Council.
  3485 | D:4      | Noticed Robin
  3499 | D:4      | Killed Robin
  4025 | D:4      | Found a burning altar of Makhleb.
  4095 | D:4      | Noticed a phantom
  4141 | D:4      | Killed a phantom
  4141 | D:4      | Reached skill level 5 in Maces & Flails
  4141 | D:4      | Reached skill level 5 in Armour
  4141 | D:4      | Reached XP level 7. HP: 18/42 MP: 7/7
  4569 | D:5      | Entered Level 5 of the Dungeon
  4605 | D:5      | Noticed Menkaure
  4617 | D:5      | Killed Menkaure
  5122 | D:5      | HP: 1/44 [centaur (7)]
  5124 | D:5      | Slain by a centaur

Levels and vault maps discovered:
D:1:      dpeg_arrival_circle_labyrinth_c, layout_loops_ring
D:2:      layout_basic, lemuel_crystal_altar, first_ration, uniq_jessica
D:3:      layout_loops_ring, zin_academy, uniq_sigmund
D:4:      layout_layer_cave, kennysheep_little_box, old_standard_altar,
          kennysheep_generic_room_11, uniq_robin
D:5:      layout_basic, doesnt_xom_only_xom, uniq_menkaure

Skill      XL: |  1  2  3  4  5  6  7 |
---------------+----------------------+-----
Dodging        | 2 3 4 |  4.1
Armour         | 3 4 5 |  5.5
Maces & Flails | 4 5 |  5.4
Fighting       | 4 |  4.5

Action                   |  1- 3 |  4- 6 |  7- 9 || total
-------------------------+-------+-------+-------++-------
Melee: Mace              |    82 |   183 |    55 ||   320
Invok: Berserk           |       |     4 |     1 ||     5
       Trog's Hand       |       |     3 |     2 ||     5
  Use: Scroll            |     2 |       |       ||     2
 Stab: Sleeping          |     1 |       |       ||     1
  Eat: Chunk             |     2 |    11 |     1 ||    14
       Ration            |       |       |     1 ||     1
Armor: Animal skin       |    25 |    99 |    15 ||   139
Dodge: Dodged            |    70 |   169 |    39 ||   278

Table legend:
 A = Non-vault XP
 B = Vault XP
 C = Vault XP percentage of total XP
 D = Non-vault monster count
 E = Vault monster count
 F = Vault count percentage of total count
                 A         B        C        D         E       F
            +---------+---------+-------+---------+---------+-------
      Total |     697 |     448 |  39.1 |      65 |      14 |  17.7
            +---------+---------+-------+---------+---------+-------
        D:1 |      31 |       0 |   0.0 |      21 |       0 |   0.0
        D:2 |      29 |      37 |  56.1 |      11 |       1 |   8.3
        D:3 |      81 |     212 |  72.4 |      18 |       1 |   5.3
        D:4 |     348 |      34 |   8.9 |      12 |      11 |  47.8
        D:5 |     208 |     165 |  44.2 |       3 |       1 |  25.0
            +---------+---------+-------+---------+---------+-------
